 Dungeon Crawl Stone Soup version 0.25.0-9-g26727b657a (console) character file.

Game seed: 16268334734395728829

695 Garrluk the Slinger (level 7, -9/44 HPs)
             Began as a Halfling Hunter on June 18, 2020.
             Killed by nerve-wracking pain
             ... invoked by Menkaure
              (14 damage)
             ... on level 4 of the Dungeon.
             The game lasted 00:13:43 (3767 turns).

Garrluk the Slinger (Halfling Hunter)               Turns: 3767, Time: 00:13:44

Health: -9/44      AC:  6    Str: 13    XL:     7   Next: 96%
Magic:  7/7        EV: 13    Int:  9    God:
Gold:   88         SH:  0    Dex: 17    Spells: 6/6 levels left

rFire    . . .     SeeInvis .   a - +1 hunting sling
rCold    . . .     Gourm    .   (shield restricted)
rNeg     . . .     Faith    .   p - +0 ring mail
rPois    .         Spirit   .   (no helmet)
rElec    .         Reflect  .   (no cloak)
rCorr    .         Harm     .   (no gloves)
MR       .....                  e - +0 pair of boots
Stlth    ++........             (no amulet)
HPRegen  0.14/turn              v - ring of stealth
MPRegen  0.10/turn              (no ring)

@: no status effects
A: small, mutation resistance 1
a: no special abilities


You were on level 4 of the Dungeon.
You were hungry.

You visited 1 branch of the dungeon, and saw 4 of its levels.
You also visited: Sewer.

You collected 88 gold pieces.

Inventory:

Hand Weapons
 a - a +1 hunting sling (weapon)
 b - a +2 flail of protection
Missiles
 d - 9 sling bullets (quivered)
 g - 55 stones
 r - 17 poisoned darts
Armour
 c - a +0 leather armour
 e - a +0 pair of boots (worn)
 p - a +0 ring mail (worn)
Jewellery
 v - a ring of stealth (left hand)
Scrolls
 h - 2 scrolls of identify {unknown}
 j - a scroll of immolation {unknown}
 k - a scroll of random uselessness {unknown}
 l - 2 scrolls of enchant weapon {unknown}
 m - 3 scrolls of fog {unknown}
 o - 2 scrolls of amnesia {unknown}
 t - 2 scrolls of fear {unknown}
Potions
 i - 4 potions of curing {unknown}
 n - a potion of flight {unknown}
 q - 2 potions of might {unknown}
 u - a potion of heal wounds {unknown}
Comestibles
 f - 3 rations


   Skills:
 - Level 1.7 Fighting
 * Level 12.5 Slings
 - Level 2.1 Dodging
 - Level 1.1 Stealth


You had 6 spell levels left.
You didn't know any spells.
Your spell library was empty.

Dungeon Overview and Level Annotations

Branches:
Dungeon (4/15)              Sewer (visited)
 Temple: D:4-7

Altars:
Gozag
Hepliaklqana
Ru
Vehumet
Wu Jian

Annotations:
D:4 Menkaure


Innate Abilities, Weirdness & Mutations

You are small and have problems with some larger weapons.
You are somewhat resistant to further mutation.


Message History

You shoot a sling bullet.
The sling bullet closely misses Menkaure.
Firing (i - inventory. (/) - cycle)
d - 11 sling bullets (quivered)
Press: ? - help, Shift-Dir - straight line, f/p - Menkaure
Aim: Menkaure (moderately damaged)
You shoot a sling bullet. The sling bullet hits Menkaure.
Menkaure is heavily damaged.
Firing (i - inventory. (/) - cycle)
d - 10 sling bullets (quivered)
Press: ? - help, Shift-Dir - straight line, f/p - Menkaure
Aim: Menkaure (heavily damaged)
You shoot a sling bullet.
The sling bullet barely misses Menkaure.
Menkaure hits you!!
* * * LOW HITPOINT WARNING * * *
Menkaure blazes with dark energy!
Menkaure casts a spell.
Menkaure seems to speed up.
Menkaure casts a spell at you. Pain shoots through your body!
You die...

###
#.########
#.@......#
#.######.#
#.# #.#
#.# #.#
#M# #.#
....(((.#
#<#
#########
###


You could see Menkaure (fast).

Vanquished Creatures
  Grinder (D:3)
  A sky beast (D:3)
  An ogre (D:2)
  An orc priest (D:3)
  2 orc wizards (D:3)
  Terence (D:3)
  Jessica (D:3)
  3 gnolls (D:3)
  5 adders
  An ooze (D:3)
  A worm (D:2)
  A dart slug (D:1)
  4 leopard geckos (D:3)
  4 orcs (D:3)
  9 ball pythons
  7 giant cockroaches
  5 goblins
  7 hobgoblins
  9 jackals
  14 kobolds
  A quokka (D:3)
  8 bats
  7 frilled lizards
  4 rats
98 creatures vanquished.

Notes
Turn   | Place    | Note
-------+----------+-------------------------------------------
     0 | D:1      | Garrluk the Halfling Hunter began the quest for the Orb.
     0 | D:1      | Reached XP level 1. HP: 14/14 MP: 1/1
    40 | D:1      | Reached skill level 6 in Slings
   157 | D:1      | Reached XP level 2. HP: 19/19 MP: 2/2
   456 | D:1      | Reached skill level 7 in Slings
   456 | D:1      | Reached XP level 3. HP: 24/24 MP: 3/3
   932 | D:2      | Noticed an ogre
   942 | D:2      | HP: 1/24 [ogre/+0 giant club (18)]
   944 | D:2      | Killed an ogre
   944 | D:2      | Reached skill level 9 in Slings
   944 | D:2      | Reached XP level 4. HP: 2/29 MP: 4/4
   944 | D:2      | Reached XP level 5. HP: 2/34 MP: 5/5
  1670 | D:3      | Noticed Terence
  1864 | D:3      | Found a sacrificial altar of Ru.
  1865 | D:3      | Found an opulent altar of Gozag.
  1865 | D:3      | Found an ornate altar of the Wu Jian Council.
  1899 | D:3      | Found a faded altar of an unknown god.
  1917 | D:3      | Reached XP level 6. HP: 33/39 MP: 6/6
  1919 | D:3      | Reached skill level 10 in Slings
  2028 | D:3      | Found a glowing drain.
  2082 | Sewer    | Entered a sewer
  3017 | D:3      | Killed Terence
  3071 | D:3      | Noticed a sky beast
  3088 | D:3      | Killed a sky beast
  3088 | D:3      | Reached skill level 11 in Slings
  3088 | D:3      | Reached XP level 7. HP: 44/44 MP: 7/7
  3343 | D:3      | Noticed Jessica
  3346 | D:3      | Killed Jessica
  3610 | D:3      | Noticed Grinder
  3627 | D:3      | Paralysed by Grinder for 2 turns
  3632 | D:3      | Killed Grinder
  3632 | D:3      | Reached skill level 12 in Slings
  3653 | D:3      | Found a hazy altar of Hepliaklqana.
  3654 | D:3      | Found a radiant altar of Vehumet.
  3755 | D:4      | Noticed Menkaure
  3767 | D:4      | Killed from afar by Menkaure

Illustrated notes

Levels and vault maps discovered:
D:1:      saegor_arrival_simple_c, layout_loops_ring,
          hangedman_abyss_or_decor_lesser_grid, minmay_misc_feat_doors
D:2:      layout_loops_ring
D:3:      layout_loops_ring, gammafunk_temple_overflow_pools,
          chequers_temple_overflow_statue_of_worship,
          chequers_ecumenical_altar_island, gup_sewer_entry_pipe, uniq_terence,
          uniq_jessica, uniq_grinder
D:4:      layout_basic, serial_shops, shop, uniq_robin, uniq_natasha,
          uniq_menkaure

Skill      XL: |  1  2  3  4  5  6  7 |
---------------+----------------------+-----
Slings         | 6 7 9 11 12 | 12.5
Fighting       | |  1.7
Dodging        | |  2.1
Stealth        | |  1.1

Action                   |  1- 3 |  4- 6 |  7- 9 || total
-------------------------+-------+-------+-------++-------
Melee: Short sword       |    19 |    48 |       ||    67
 Fire: Hunting sling     |    61 |   170 |    60 ||   291
Throw: Dart              |       |    23 |       ||    23
       Stone             |       |     7 |       ||     7
  Use: Scroll            |       |     1 |       ||     1
 Stab: Sleeping          |     1 |       |       ||     1
  Eat: Chunk             |       |     7 |     1 ||     8
Armor: Leather armour    |    11 |       |       ||    11
       Ring mail         |       |    30 |     2 ||    32
Dodge: Dodged            |    24 |    94 |     7 ||   125
